 Dungeon Crawl Stone Soup version 0.31.0-11-ge490571c62 (webtiles) character file.

Game seed: 12402318663322167001

467 qw the Shooter (level 6, -2/30 HPs)
             Began as a Spriggan Hunter on Feb 4, 2024.
             Slain by a gnoll sergeant
             ... wielding a +2 trident of freezing
              (4 damage)
             ... on level 6 of the Dungeon.
             The game lasted 00:01:07 (4029 turns).

qw the Shooter (Spriggan Hunter)                    Turns: 4029, Time: 00:01:07

Health: -2/30      AC:  2    Str:  7    XL:     6   Next: 81%
Magic:  7/7        EV: 21    Int: 11    God:
Gold:   292        SH:  5    Dex: 20    Spells: 5/5 levels left

rFire   . . .        a - +0 shortbow
rCold   . . .        (shield currently unavailable)
rNeg    . . .        c - +0 robe
rPois   .            (helmet restricted)
rElec   .            (no cloak)
rCorr   .            (gloves unavailable)
SInv    +            (boots unavailable)
Will    +....        f - amulet of reflection
Stlth   ++           (no ring)
HPRegen 0.25/turn    (no ring)
MPRegen 0.10/turn

%: reflection
@: very quick
A: very small, no large weapons, unfitting armour, see invisible, speed 3
a: no special abilities


You were on level 6 of the Dungeon.
You visited 1 branch of the dungeon, and saw 6 of its levels.

You collected 292 gold pieces.


Innate Abilities, Weirdness & Mutations

You are very small and have problems with some larger weapons.
You are too small for most types of armour.
You have supernaturally acute eyesight. (SInv)
You cover ground extremely quickly. (Speed+++)


   Skills:
 - Level 2.2 Fighting
 + Level 6.8 Ranged Weapons
 - Level 6.0 Dodging
 - Level 1.5 Stealth


You had 5 spell levels left.
You didn't know any spells.
Your spell library was empty.

Inventory:

Hand Weapons
 a - a +0 shortbow (weapon)
Armour
 c - a +0 robe (worn)
Jewellery
 f - an amulet of reflection (around neck)
Scrolls
 e - 3 scrolls of identify
 g - a scroll of enchant armour
Potions
 b - a potion of cancellation
 d - a potion of resistance
 j - a potion of curing
 k - a potion of heal wounds

Dungeon Overview and Level Annotations

Branches:
Dungeon (6/15)
 Temple: D:4-7

Altars:
Cheibriados
Fedhas
Makhleb
Vehumet
The Shining One

Shops:
D:2 :

Annotations:
D:6 3 runed translucent doors, qw's ghost, novice DEHu


Message History

You block the gnoll sergeant's attack.
You shoot an arrow.
The arrow hits the gnoll sergeant but does no damage.
The gnoll sergeant is moderately wounded.
The gnoll sergeant hits you from afar with a +2 trident of freezing!
The gnoll sergeant freezes you.
The gnoll sergeant completely misses you.
You shoot an arrow.
The arrow barely misses the gnoll sergeant.
The gnoll sergeant misses you.
You shoot an arrow.
The arrow hits the gnoll sergeant but does no damage.
The gnoll sergeant is moderately wounded.
The gnoll sergeant closely misses you.
You shoot an arrow.
The arrow closely misses the gnoll sergeant.
The gnoll sergeant closely misses you.
You shoot an arrow. The arrow hits the gnoll sergeant.
The gnoll sergeant is moderately wounded.
The gnoll sergeant completely misses you.
You shoot an arrow.
The arrow hits the gnoll sergeant but does no damage.
The gnoll sergeant is moderately wounded.
You hear a shout!
A gnoll comes into view. It is wielding a +0 flail.
The gnoll sergeant barely misses you.
Enter note:
4027 ||| RETREEEEATING.
Found a scroll of revelation.
A gnoll comes into view. It is wielding a +0 halberd.
The gnoll sergeant hits you with a +2 trident of freezing.
The gnoll sergeant freezes you. The gnoll closely misses you.
You shoot an arrow. The arrow hits the gnoll sergeant.
The gnoll sergeant is heavily wounded.
The gnoll sergeant misses you. The gnoll completely misses you.
You shoot an arrow. The arrow hits the gnoll sergeant.
The gnoll sergeant is severely wounded.
You block the gnoll's attack.
The gnoll sergeant hits you with a +2 trident of freezing!
The gnoll sergeant freezes you.
You die...

###### #....#
.....###### #....#
..........# ####.#
#######.#.# #.#
#.#.# ##.##
#<#.#####...########
#..................#
#%#.#####...######.#
#.### ##@## #.# #g#
#.#


#gg #.# ### ggg. #.# .. ..... ##.# .# #.####. ##..##.# .. .# #......# ?. #
##.##..# You could see a gnoll sergeant and 5 gnolls.

Vanquished Creatures
  2 bombardier beetles (D:4)
  3 hounds
  3 iguanas (D:5)
  2 orc wizards (D:3)
  4 gnolls (D:4)
  5 adders
  A white imp (D:6)
  2 ufetubi (D:5)
  6 dart slugs
  3 orcs (D:3)
  4 ball pythons
  2 bats (D:2)
  3 endoplasms (D:1)
  7 giant cockroaches
  7 goblins
  5 hobgoblins
  4 quokkas
  A frilled lizard (D:1)
  7 kobolds
  A rat (D:3)
72 creatures vanquished.

Notes
Turn   | Place    | Note
-------+----------+-------------------------------------------
     0 | D:1      | qw the Spriggan Hunter began the quest for the Orb.
     0 | D:1      | Reached XP level 1. HP: 10/10 MP: 2/2
     0 | D:1      | 0 ||| qw: Version: 0.3-a-160-g6735b56
     0 | D:1      | 0 ||| qw: Game counter: 5910
     0 | D:1      | 0 ||| qw: Melee chars always use a shield: true
     0 | D:1      | 0 ||| qw: God list: Okawaru
     0 | D:1      | 0 ||| qw: Allow faded altars: false
     0 | D:1      | 0 ||| qw: Do Orc after clearing Dungeon:15 true
     0 | D:1      | 0 ||| qw: Do second Lair branch before Depths: true
     0 | D:1      | 0 ||| qw: Lair rune preference: random
     0 | D:1      | 0 ||| qw: Goals: Normal
     0 | D:1      | 0 ||| PLANNING D:1-11
   202 | D:1      | Reached skill level 3 in Dodging
   326 | D:1      | Reached XP level 2. HP: 14/14 MP: 3/3
   928 | D:1      | 928 ||| READING scroll labelled NUGACS GAMO.
   929 | D:1      | 929 ||| DROPPING scroll of butterflies.
  1112 | D:2      | Found a radiant altar of Vehumet.
  1126 | D:2      | Found Yntasy's Book Shop.
  1240 | D:2      | Reached XP level 3. HP: 18/18 MP: 4/4
  1565 | D:2      | 1565 ||| READING 2 scrolls labelled GIOTEO AFFI UHUI.
  1565 | D:2      | 1565 ||| IDENTIFYING fizzy black potion
  1566 | D:2      | 1566 ||| READING scroll of identify.
  1566 | D:2      | 1566 ||| IDENTIFYING murky emerald potion
  1605 | D:3      | 1605 ||| DRINKING red potion.
  1609 | D:3      | Reached XP level 4. HP: 19/22 MP: 5/5
  1878 | D:3      | Found a burning altar of Makhleb.
  2041 | D:3      | 2041 ||| UPGRADING to amulet of reflection.
  2046 | D:3      | 2046 ||| READING 2 scrolls of identify.
  2046 | D:3      | 2046 ||| IDENTIFYING green potion
  2047 | D:3      | 2047 ||| READING scroll of identify.
  2047 | D:3      | 2047 ||| IDENTIFYING 3 glowing white potions
  2048 | D:3      | 2048 ||| READING scroll labelled LYCROPIJIME.
  2049 | D:3      | 2049 ||| READING scroll labelled WASISS YHYS.
  2050 | D:3      | 2050 ||| READING scroll labelled QIFIC XORROREC.
  2053 | D:3      | 2053 ||| READING scroll labelled IMIOHA AGERECW.
  2054 | D:3      | 2054 ||| READING scroll labelled EDUVUE FUHOYSU.
  2155 | D:3      | 2155 ||| DROPPING potion of ambrosia.
  2168 | D:4      | Found a snail-covered altar of Cheibriados.
  2184 | D:4      | Reached XP level 5. HP: 26/26 MP: 6/6
  2548 | D:4      | Reached skill level 6 in Ranged Weapons
  2548 | D:4      | Reached XP level 6. HP: 26/30 MP: 7/7
  2659 | D:4      | Found a glowing golden altar of the Shining One.
  2798 | D:4      | 2798 ||| READING 2 scrolls of identify.
  2798 | D:4      | 2798 ||| IDENTIFYING scroll labelled TOGOLLO FUSK
  2799 | D:4      | 2799 ||| READING scroll of identify.
  2799 | D:4      | 2799 ||| IDENTIFYING scroll labelled GIGUJ IRIPHU
  2800 | D:4      | 2800 ||| DROPPING scroll of torment.
  2807 | D:5      | Entered Level 5 of the Dungeon
  2838 | D:5      | Found a blossoming altar of Fedhas.
  2896 | D:5      | HP: 7/30 [iguana (8)]
  2897 | D:5      | 2897 ||| READING scroll of teleportation.
  2898 | D:5      | 2898 ||| DRINKING 3 potions of heal wounds.
  3024 | D:5      | Reached skill level 6 in Dodging
  3806 | D:5      | 3806 ||| READING 2 scrolls of identify.
  3806 | D:5      | 3806 ||| IDENTIFYING black potion
  3807 | D:5      | 3807 ||| READING scroll of identify.
  3807 | D:5      | 3807 ||| IDENTIFYING blue potion
  3808 | D:5      | 3808 ||| READING scroll labelled TASYTE FAULILU.
  3809 | D:5      | 3809 ||| READING scroll labelled WETOCV ATESTA.
  3810 | D:5      | 3810 ||| DROPPING potion of brilliance.
  3811 | D:5      | 3811 ||| DROPPING potion of lignification.
  3860 | D:6      | 3860 ||| FLEEEEING.
  3861 | D:6      | 3861 ||| FLEEEEING.
  3862 | D:6      | 3862 ||| FLEEEEING.
  3863 | D:6      | 3863 ||| FLEEEEING.
  3865 | D:6      | 3865 ||| FLEEEEING.
  3866 | D:6      | 3866 ||| FLEEEEING.
  3867 | D:6      | 3867 ||| FLEEEEING.
  3868 | D:6      | 3868 ||| FLEEEEING.
  3869 | D:6      | 3869 ||| FLEEEEING.
  3870 | D:6      | 3870 ||| FLEEEEING.
  3890 | D:6      | Found a runed translucent gate.
  3890 | D:6      | Found a runed translucent gate.
  3893 | D:6      | Found a runed translucent gate.
  3894 | D:6      | Noticed a spectral unseen horror
  3894 | D:6      | Noticed qw's ghost (novice DEHu)
  4019 | D:6      | HP: 7/30 [gnoll sergeant/+2 trident of freezing (1)]
  4020 | D:6      | 4020 ||| DRINKING 2 potions of heal wounds.
  4027 | D:6      | 4027 ||| RETREEEEATING.
  4029 | D:6      | HP: 2/30 [gnoll sergeant/+2 trident of freezing (9)]
  4029 | D:6      | Slain by a gnoll sergeant

Levels and vault maps discovered:
D:1:      kilobyte_arrival_exit_the_forest, layout_basic, nrook_mini_vaults
D:2:      layout_basic, basic_altar, serial_shops, shop
D:3:      layout_rooms, old_standard_altar, serial_bayou_pond_d
D:4:      layout_basic, mainiacjoe_overflow_tiny_flanked, old_standard_altar
D:5:      layout_loops_ring, mainiacjoe_overflow_alcove_1, serial_rivers,
          chequers_serial_rivers_marsh, chequers_serial_rivers_micro_a,
          chequers_serial_rivers_marsh, chequers_serial_rivers_small_a,
          chequers_serial_rivers_small_3, chequers_serial_rivers_large_b
D:6:      layout_loops_ring, lemuel_tele_altar, gammafunk_ghost_necromancy,
          minmay_holes

Skill      XL: |  1  2  3  4  5  6 |
---------------+-------------------+-----
Dodging        | 3 4 5 6 |  6.0
Ranged Weapons | 5 6 |  6.8
Fighting       | 2 |  2.2
Stealth        | |  1.5

Action                     |  1- 3 |  4- 6 || total
---------------------------+-------+-------++-------
   Fire: Shortbow          |    75 |   222 ||   297
    Use: Scroll            |     3 |    14 ||    17
         Potion            |     1 |     2 ||     3
 Armour: Robe              |    10 |    28 ||    38
  Dodge: Dodged            |    31 |   111 ||   142
  Block: Other             |       |    26 ||    26

Table legend:
 A = Non-vault XP
 B = Vault XP
 C = Vault XP percentage of total XP
 D = Non-vault monster count
 E = Vault monster count
 F = Vault count percentage of total count
                 A         B        C        D         E       F
            +---------+---------+-------+---------+---------+-------
      Total |     668 |       0 |   0.0 |      72 |       0 |   0.0
            +---------+---------+-------+---------+---------+-------
        D:1 |      28 |       0 |   0.0 |      15 |       0 |   0.0
        D:2 |      22 |       0 |   0.0 |      10 |       0 |   0.0
        D:3 |     105 |       0 |   0.0 |      17 |       0 |   0.0
        D:4 |     233 |       0 |   0.0 |      17 |       0 |   0.0
        D:5 |     211 |       0 |   0.0 |      10 |       0 |   0.0
        D:6 |      69 |       0 |   0.0 |       3 |       0 |   0.0
            +---------+---------+-------+---------+---------+-------
